 Dungeon Crawl Stone Soup version 0.20-a0-208-g55166f7 (webtiles) character file.

21053 kr4n3x the Severer (level 12, -2/111 HPs)
             Began as a Minotaur Berserker on Nov 25, 2016.
             Was a High Priest of Trog.
             Killed from afar by a deep elf annihilator (54 damage)
             ... with an iron shot
             ... on level 12 of the Dungeon.
             The game lasted 00:31:48 (10700 turns).

kr4n3x the Severer (Minotaur Berserker)            Turns: 10700, Time: 00:31:49

Health: -2/111     AC: 23    Str: 29    XL:     12   Next: 50%
Magic:  3/3        EV: 17    Int:  5    God:    Trog [*****.]
Gold:   519        SH:  4    Dex:  9    Spells: 11/11 levels left

rFire  + . .     SeeInvis +     T - +8 war axe (antimagic)
rCold  + . .     Gourm    .     v - +0 plate armour
rNeg   . . .     Faith    .     (no shield)
rPois  .         Spirit   .     a - +1 hat
rElec  .         Reflect  +     y - +0 cloak of Tepoasov {rF+ rC+ Str+2}
rCorr  .         Harm     .     s - +2 pair of gloves
MR     .....                    h - +1 pair of boots
Stlth  ..........               Q - +4 amulet of reflection
                                M - +5 ring of evasion
                                S - ring of see invisible

@: exhausted, very slightly contaminated, invisible
A: retaliatory headbutt, horns 2
a: Berserk, Trog's Hand, Brothers in Arms, Burn Spellbooks, Renounce Religion


You were on level 12 of the Dungeon.
You worshipped Trog.
Trog was extremely pleased with you.
You were not hungry.

You visited 1 branch of the dungeon, and saw 12 of its levels.

You collected 639 gold pieces.
You spent 120 gold pieces at shops.

Inventory:

Hand Weapons
 G - a +0 battleaxe
 O - a +0 hand axe of chopping
 T - a +8 antimagic war axe (weapon)
Armour
 a - a +1 hat (worn)
 h - a +1 pair of boots (worn)
 s - a +2 pair of gloves (worn)
 v - a +0 plate armour (worn)
 y - the +0 cloak of Tepoasov (worn) {rF+ rC+ Str+2}
   (You found it on level 6 of the Dungeon)

   It affects your strength (+2).
   It protects you from fire.
   It protects you from cold.
Jewellery
 o - an uncursed ring of positive energy
 q - an uncursed ring of protection from fire
 r - an uncursed ring of protection from cold
 D - an uncursed ring of fire
 M - a +5 ring of evasion (right hand)
 Q - a +4 amulet of reflection (around neck)
 S - a ring of see invisible (left hand)
 W - a cursed amulet of inaccuracy {unknown}
Wands
 d - a wand of flame (48/48)
 w - a wand of polymorph (8/24)
 H - a wand of paralysis (6/24)
 L - a wand of lightning (7/15)
 N - a wand of digging (5/24)
 R - a wand of iceblast (5/15)
Scrolls
 b - 5 scrolls of remove curse
 p - 3 scrolls of enchant armour
 x - a scroll of identify
 B - a scroll of magic mapping
 E - a scroll of teleportation {unknown}
 F - a scroll of fog
 U - a scroll of recharging
 X - a scroll of enchant weapon
Potions
 e - 3 potions of berserk rage
 f - 6 potions of curing
 i - a potion of heal wounds
 j - a potion of cure mutation
 k - a potion of magic
 l - 2 potions of might
 m - a potion of agility
 n - 4 potions of lignification
 C - a potion of ambrosia {unknown}
 J - 2 potions of haste
 P - a potion of mutation {unknown}
Comestibles
 c - 8 bread rations
 g - 7 beef jerkies
 t - a royal jelly
 z - 2 meat rations
 A - 3 slices of pizza
 I - 5 fruits
 V - 6 chunks of flesh


   Skills:
 + Level 11.7 Fighting
 + Level 15.0 Axes
 + Level 11.7 Armour
 + Level 10.6 Dodging
 - Level 1.0 Stealth


You had 11 spell levels left.
You didn't know any spells.

Dungeon Overview and Level Annotations

Branches:
Dungeon (12/15)            Temple (0/1) D:7            Lair (0/6) D:8
    Orc (0/2) D:10

Altars:
Cheibriados
Dithmenos
Elyvilon
Makhleb
Nemelex Xobeh
The Shining One
Beogh

Shops:
D:10 !

Annotations:
D:2 Sigmund
D:3 1 runed door


Innate Abilities, Weirdness & Mutations

You reflexively headbutt those who attack you in melee.
You have a pair of horns on your head.


Message History

Unknown command.
The skeletal warrior hits you with an enchanted mace.
The skeletal warrior dissolves into shadows!
The deep elf annihilator mumbles some strange words.
The deep elf annihilator blinks!
You feel much better.
The deep elf annihilator casts a spell at you.
The bolt of lightning misses you.
Eat one of 7 chunks of flesh? (ye/n/q)
You start eating one of the 7 chunks of flesh.
You feel yourself speed up.
The deep elf annihilator gestures at you while chanting.
The iron shot hits you!
* * * LOW HITPOINT WARNING * * *
This raw flesh tastes terrible.
You feel much better.
The cyclops throws a large rock.
The large rock closely misses you.
The deep elf annihilator points at you and mumbles some strange words.
The iron shot hits you!
You die...

#..K..$.....#..##.#.#.#
#....K........#. ####.##
.....$.⌠.$..... #.#.#
#.....KK...... ####C##
.#.....$..... ##.#.#.#
..#.........# ##.#.#..#
# ##.#.#...# ##
##.#.#....# .##
##.#@#.....# #.##
##.#.#..e#..# .#.##
##.#(#...##..# #.#.##
##.#.#...###..# (#.#.##
##.#.#.........# ..#.#.#
#.#.#...#...#..#
...#.#####.#...##..##..#
#...#.#.#.#...###.###..#
.....#.#.#.............#


You could see a deep elf annihilator and a cyclops.

Vanquished Creatures
  A fire giant (D:12)
  A deep elf knight (D:12)
  3 unseen horrors
  A hill giant (D:10)
  Pikel (D:6)
  An ugly thing (D:12)
  2 cyclopes (D:12)
  A deep elf mage (D:12)
  Joseph (D:8)
  Psyche (D:8)
  A kobold demonologist (D:12)
  An efreet (D:12)
  A two-headed ogre (D:12)
  3 trolls
  A hornet (D:11)
  3 hippogriffs
  Prince Ribbit (D:6)
  A shadow (D:12)
  A vampire (D:12)
  A redback (shapeshifter) (D:12)
  A wyvern (D:12)
  A wraith (D:12)
  25 yaks
  Grum (D:10)
  2 hungry ghosts
  3 vampire mosquitoes (D:12)
  An acid dragon (D:12)
  A hell hound (D:8)
  3 sky beasts
  2 slaves (D:6)
  4 ice beasts
  6 orc warriors
  4 phantoms
  2 black bears
  A necrophage (D:11)
  7 ogres
  A boggart (D:12)
  8 centaurs
  3 wolves (D:10)
  4 big kobolds
  9 bullfrogs
  A wyvern skeleton (D:12)
  7 scorpions
  6 howler monkeys
  6 crimson imps
  3 bullfrog zombies
  6 hounds
  4 jellies
  10 orc priests
  3 iguanas
  2 bullfrog skeletons
  3 centaur skeletons
  Natasha (thrice) (D:3)
  12 orc wizards
  8 worker ants
  A killer bee zombie (D:9)
  A hound zombie (D:5)
  A howler monkey zombie (D:8)
  A worker ant zombie (D:11)
  Robin (D:2)
  16 adders
  11 gnolls
  4 shadow imps
  An ooze (D:5)
  3 adder skeletons
  A worm (D:2)
  4 dart slugs
  6 leopard geckos
  40 orcs
  3 ball pythons (D:3)
  6 bats
  2 giant cockroaches
  17 hobgoblins
  6 jackals
  4 quokkas
  A ball python skeleton (D:6)
  9 frilled lizards
  24 goblins
  14 kobolds
  A leopard gecko zombie (D:6)
  10 rats
378 creatures vanquished.

Vanquished Creatures (others)
  2 slaves (D:6)
  A shadow imp (D:12)
  A leopard gecko (D:2)
  3 orcs (D:6)
  3 kobolds
  A rat (D:2)
11 creatures vanquished.

Grand Total: 389 creatures vanquished

Notes
Turn   | Place    | Note
-------+----------+-------------------------------------------
     0 | D:1      | kr4n3x the Minotaur Berserker began the quest for the Orb.
     0 | D:1      | Reached XP level 1. HP: 19/19 MP: 0/0
     7 | D:1      | Reached skill level 4 in Axes
   203 | D:1      | Reached XP level 2. HP: 22/26 MP: 1/1
   529 | D:1      | Reached skill level 5 in Axes
   588 | D:1      | Reached XP level 3. HP: 28/31 MP: 2/2
   684 | D:1      | Reached ** piety under Trog
   905 | D:2      | Found a burning altar of Makhleb.
   918 | D:2      | Reached XP level 4. HP: 26/39 MP: 3/3
  1082 | D:2      | Found a faded altar of an unknown god.
  1116 | D:2      | Noticed Robin
  1123 | D:2      | Killed Robin
  1123 | D:2      | Reached skill level 6 in Axes
  1814 | D:2      | Reached skill level 1 in Stealth
  1978 | D:2      | Reached *** piety under Trog
  1993 | D:2      | Noticed Sigmund
  2440 | D:3      | Reached XP level 5. HP: 45/45 MP: 4/4
  2521 | D:3      | Noticed Natasha
  2533 | D:3      | Killed Natasha
  2533 | D:3      | Reached skill level 7 in Axes
  2539 | D:3      | Noticed Natasha
  2547 | D:3      | Killed Natasha
  2720 | D:3      | Found a runed door.
  3122 | D:3      | Noticed Natasha
  3129 | D:3      | Killed Natasha
  3399 | D:3      | Reached XP level 6. HP: 51/51 MP: 5/5
  3493 | D:4      | Reached skill level 8 in Axes
  3574 | D:4      | Reached skill level 9 in Axes
  3597 | D:4      | Reached XP level 7. HP: 50/57 MP: 6/6
  3849 | D:4      | Found a glowing golden altar of the Shining One.
  3902 | D:5      | Entered Level 5 of the Dungeon
  3932 | D:5      | Reached skill level 10 in Axes
  4385 | D:5      | Found a shadowy altar of Dithmenos.
  4488 | D:5      | Reached **** piety under Trog
  4488 | D:5      | Reached skill level 11 in Axes
  4768 | D:5      | Found a sparkling altar of Nemelex Xobeh.
  4964 | D:5      | Reached XP level 8. HP: 42/66 MP: 7/7
  4994 | D:6      | Noticed Prince Ribbit
  5007 | D:6      | Killed Prince Ribbit
  5211 | D:6      | Noticed Pikel
  5225 | D:6      | Killed Pikel
  5225 | D:6      | Reached skill level 5 in Fighting
  5229 | D:6      | Reached skill level 5 in Armour
  5340 | D:6      | Got a smoking cloak
  5346 | D:6      | Identified the +0 cloak of Tepoasov {rF+ rC+ Str+2} (You found it on level 6 of the Dungeon)
  5366 | D:6      | Reached XP level 9. HP: 75/75 MP: 8/8
  5570 | D:6      | Reached skill level 5 in Dodging
  5910 | D:7      | Reached skill level 12 in Axes
  6216 | D:7      | Paralysed by a gnoll for 5 turns
  6223 | D:7      | Paralysed by a gnoll for 5 turns
  6232 | D:7      | Reached ***** piety under Trog
  6386 | D:7      | Found a staircase to the Ecumenical Temple.
  6585 | D:8      | Identified a scroll of acquirement
  6655 | D:8      | Noticed Psyche
  6663 | D:8      | Killed Psyche
  6663 | D:8      | Reached XP level 10. HP: 72/88 MP: 9/9
  6831 | D:8      | Found a staircase to the Lair.
  6873 | D:8      | Noticed Joseph
  6893 | D:8      | Killed Joseph
  6972 | D:8      | Got a bloodstained spear
  6975 | D:8      | Identified the +8 spear of Ambiguity {vamp, rPois Str+4} (You found it on level 8 of the Dungeon)
  7211 | D:8      | Found a snail-covered altar of Cheibriados.
  7211 | D:8      | Found a white marble altar of Elyvilon.
  7666 | D:9      | Reached skill level 13 in Axes
  7853 | D:10     | Entered Level 10 of the Dungeon
  8208 | D:10     | Found a staircase to the Orcish Mines.
  8230 | D:10     | Found a roughly hewn altar of Beogh.
  8319 | D:10     | Noticed Grum
  8322 | D:10     | Received a gift from Trog
  8338 | D:10     | Killed Grum
  8555 | D:10     | Noticed a hill giant
  8564 | D:10     | Killed a hill giant
  8633 | D:10     | Found Niq Joyrgh's Distillery.
  8657 | D:10     | Bought a potion of haste for 120 gold pieces
  8865 | D:11     | Reached XP level 11. HP: 97/97 MP: 10/10
  8915 | D:11     | Killed an unseen horror
  9334 | D:11     | Reached skill level 10 in Fighting
  9390 | D:11     | Reached skill level 14 in Axes
  9390 | D:11     | Reached skill level 10 in Armour
  9395 | D:11     | Received a gift from Trog
  9708 | D:12     | Noticed a red ugly thing
  9714 | D:12     | Killed a red ugly thing
 10265 | D:12     | Noticed a deep elf mage
 10274 | D:12     | Killed a deep elf mage
 10283 | D:12     | Noticed an unseen horror
 10294 | D:12     | Killed an unseen horror
 10294 | D:12     | Reached XP level 12. HP: 101/110 MP: 3/11
 10520 | D:12     | Reached skill level 10 in Dodging
 10645 | D:12     | Noticed a fire giant
 10661 | D:12     | Noticed a deep elf annihilator
 10663 | D:12     | Killed a fire giant
 10663 | D:12     | Reached skill level 15 in Axes
 10700 | D:12     | Killed from afar by a deep elf annihilator

Vault maps used:
D:1:      minmay_arrival_radiant_lines
D:2:      nicolae_overflow_crystal_walls, chequers_ecumenical_altar_island,
          lemuel_flame_loot_1, uniq_robin, uniq_sigmund
D:3:      kennysheep_the_goblin_king, first_bread, uniq_natasha,
          uniq_crazy_yiuf_cottage
D:4:      tso_altar
D:5:      nemelex_altar_shiori, grunt_decor_mini_mirrors,
          grunt_dithmenos_smoke_and_mirrors
D:6:      uniq_pikel, uniq_prince_ribbit1
D:8:      amethyst_overflow_temple_binary, minmay_lair_entry_lava, uniq_psyche,
          uniq_joseph
D:10:     minmay_orc_entry_temple_small, serial_shops, shop, uniq_grum
D:12:     evilmike_diamond_2

Skill      XL: |  1  2  3  4  5  6  7  8  9 10 11 12 |
---------------+-------------------------------------+-----
Axes           | 4 5 6 7 9 11 12 13 14 15 | 15.0
Stealth        | 1 |  1.0
Fighting       | 4 5 7 9 11 | 11.7
Armour         | 3 5 7 9 10 11 | 11.7
Dodging        | 4 6 8 9 10 | 10.6

Action                   |  1- 3 |  4- 6 |  7- 9 | 10-12 || total
-------------------------+-------+-------+-------+-------++-------
Melee: Hand axe          |    72 |   181 |   179 |   227 ||   659
       Headbutt          |    12 |    20 |    54 |   108 ||   194
       War axe           |       |       |    90 |   318 ||   408
Invok: Berserk           |     1 |     4 |     7 |     3 ||    15
       Trog's Hand       |       |     2 |     4 |     3 ||     9
       Burn Spellbooks   |       |       |     1 |     5 ||     6
  Use: Scroll            |       |     6 |     9 |     8 ||    23
       Potion            |       |       |       |     3 ||     3
  Eat: Chunk             |       |    13 |    22 |    18 ||    53
Armor: Animal skin       |    16 |    10 |       |       ||    26
       Chain mail        |       |    26 |    23 |       ||    49
       Ring mail         |       |     5 |       |       ||     5
       Plate armour      |       |       |   138 |   207 ||   345
Dodge: Dodged            |    45 |    85 |   114 |   307 ||   551
Block: Other             |       |       |       |    58 ||    58
       Reflection        |       |       |       |     3 ||     3
